 Dungeon Sprint DCSS version 0.29.1-2-gbd0b4ee654 (webtiles) character file.

Game seed: 15829497349064070075

4312 firemarshallily the Imperceptible (level 10, -2/78 HPs)
             Began as an Octopode Brigand on Nov 2, 2022.
             Was a Priest of Dithmenos.
             Slain by an unseen horror (11 damage)
             ... in the Dungeon (Sprint I: "Red Sonja").
             The game lasted 00:05:28 (1168 turns).

firemarshallily the Imperceptible (OpBr)            Turns: 1168, Time: 00:05:28

Health: -2/78      AC:  1    Str: 10    XL:     10   Next: 33%
Magic:  10/10      EV: 13    Int: 14    God:    Dithmenos [***...]
Gold:   284        SH:  5    Dex: 18    Spells: 9/9 levels left

rFire   . . .      SeeInvis .   t - +2 dagger (flame)
rCold   + . .      Faith    .   (no shield)
rNeg    . . .      Spirit   .   (helmet restricted)
rPois   .          Reflect  +   m - amulet of reflection
rElec   .          Harm     .   s - ring of wizardry
rCorr   .          Rampage  .   i - ring of protection from cold
Will    .....      NoTele   +   (no ring) Stlth ***+++++++
                                (no ring)
HPRegen 0.23/turn               (no ring)
MPRegen 0.12/turn               (no ring)
                                (no ring)
                                (no ring)

@: wreathed by umbra
A: almost no armour, amphibious, 8 rings, camouflage 1, gelatinous body 1,
(nimble swimmer 1), tentacles
a: Renounce Religion, Shadow Step


You were in the Dungeon.
You worshipped Dithmenos.
Dithmenos was most pleased with you.
You visited 1 branch You collected 1082 gold pieces.
You spent 798 gold pieces at shops.

Inventory:

Hand Weapons
 a - a +2 dagger
 p - a +0 short sword of distortion
 t - a +2 dagger of flaming (weapon)
Missiles
 b - 9 poisoned darts (quivered)
 c - 5 curare-tipped darts
Jewellery
 i - a ring of protection from cold (right tentacle)
 m - an amulet of reflection (around mantle)
 s - a ring of wizardry (left tentacle)
Wands
 j - a wand of roots (9)
 n - a wand of charming (5)
Scrolls
 k - 2 scrolls of amnesia
 l - a scroll of silence {unknown}
 q - a scroll of butterflies {unknown}
 r - a scroll of brand weapon {unknown}
Potions
 d - 4 potions of curing
 e - a potion of heal wounds
 f - a potion of haste
 g - 2 potions of magic
 h - a potion of berserk rage
 o - a potion of flight {unknown}


   Skills:
 + Level 11.0 Fighting
 * Level 15.1 Short Blades
 - Level 2.0 Throwing
 + Level 1.6 Dodging
 * Level 21.2 Stealth


You had 9 spell levels left.
You didn't know any spells.
Your spell library was empty.

Dungeon Overview and Level Annotations

Branches:
Dungeon (1/1)

Altars:
Cheibriados
Dithmenos
Elyvilon
Fedhas
Gozag
Hepliaklqana
Kikubaaqudgha
Makhleb
Nemelex Xobeh
Okawaru
Qazlal
Ru
Sif Muna
Trog
Uskayaw
Vehumet
Wu Jian
Xom
Yredelemnul
Zin
The Shining One
Jiyva
Lugonu

Shops:
D =*[


Innate Abilities, Weirdness & Mutations

You cannot wear most types of armour.
You are amphibious.
You can wear up to eight rings at the same time.
Your skin changes colour to match your surroundings (Stealth+).
Your rubbery body absorbs attacks. (AC +1, EV +1)
((You are camouflaged when in or above water. (Stealth+)))
You have tentacles for arms and can constrict up to eight enemies at once.


Message History

You see here 27 gold pieces.
You see here a redback corpse.
You see here 27 gold pieces.
The helpless redback fails to defend itself.
You skewer the redback like a kebab!!!!!
You burn the redback.
You kill the redback!
Dithmenos accepts your kill.
You now have 257 gold pieces (gained 27).
You see here a redback corpse.
You now have 284 gold pieces (gained 27).
You see here a redback corpse.
You open the door.
There is an open door here.
Deactivating autopickup; reactivate with Ctrl-A.
You hit something but do no damage. You squeeze something.
Something barely misses you. Something hits you. x2
You miss something. You squeeze something. Something hits you!
You hit something. You burn something. You tentacle-slap something.
Your squeeze misses something. Something hits you but does no damage.
Something hits you. Something hits you! Something hits you.
Something barely misses you. Something hits you but does no damage.
You barely miss something. Your squeeze misses something. Something hits you.
Something hits you!
You hit something but do no damage. You squeeze something.
You block something's attack. Something hits you! Something hits you.
You hit something. You burn something. Something hits you.
You miss something. Your squeeze misses something.
You block something's attack. x2
You hit something but do no damage. You squeeze something! Something hits you.
* * * LOW HITPOINT WARNING * * *
Something hits you.
* * * LOW HITPOINT WARNING * * *
You hit something. You burn something. Your squeeze misses something.
Something hits you.
* * * LOW HITPOINT WARNING * * *
Something barely misses you.
You hit something but do no damage. You squeeze something! Something hits you!
You die...

..#__####..##.#~§§§§#.§#
..#_____##'#_.§§§~§§§..#
⌠⌠#_.∩...'..._#§§~§§#..#
###_..__##_.#'##+#####'###
#_____###'#.#....###.'.#
###########.####'###)###.#
∩........'...'..[..'.∩##.#
##++++####...###########§#
..G... ###.###{@.....##†#
G..... #.#'#.#........§§#
..#..G #.....#+++######§#
G .... #.)...# #§# .G..#
####### +§# G.... ###


There were no monsters in sight!

Vanquished Creatures
  2 centaur warriors (D)
  Sonja (D)
  A deep troll (D)
  An oklob plant (D)
  2 kobold demonologists (D)
  A hornet (D)
  A slime creature (D)
  A yak (D)
  Sigmund (D)
  2 redbacks (D)
  A floating eye (D)
  An ogre (D)
  A jelly (D)
  Ijyb (D)
  A ballistomycete spore (D)
18 creatures vanquished.

Vanquished Creatures (others)
  A ballistomycete spore (D)
1 creature vanquished.

Grand Total: 19 creatures vanquished

Notes
Turn   | Place    | Note
-------+----------+-------------------------------------------
     0 | D        | firemarshallily the Octopode Brigand began the quest for
                  | the Orb.
     0 | D        | Reached XP level 1. HP: 14/14 MP: 1/1
     1 | D        | Noticed Ijyb
     4 | D        | Killed Ijyb
     5 | D        | Reached skill level 7 in Stealth
     5 | D        | Reached XP level 2. HP: 21/21 MP: 2/2
     5 | D        | Reached XP level 3. HP: 26/26 MP: 3/3
     7 | D        | Noticed an ogre
    10 | D        | Killed an ogre
    11 | D        | Reached skill level 9 in Stealth
    11 | D        | Reached XP level 4. HP: 34/34 MP: 4/4
    19 | D        | Noticed Sigmund
    22 | D        | Killed Sigmund
    23 | D        | Reached skill level 5 in Fighting
    23 | D        | Reached skill level 12 in Stealth
    23 | D        | Reached XP level 5. HP: 41/41 MP: 5/5
    23 | D        | Reached XP level 6. HP: 46/46 MP: 6/6
    35 | D        | Found an ornate altar of the Wu Jian Council.
    35 | D        | Found a shimmering blue altar of Sif Muna.
    37 | D        | Found a radiant altar of Vehumet.
    66 | D        | Found Ewid's General Store.
    66 | D        | Found an ancient bone altar of Kikubaaqudgha.
    66 | D        | Found a hazy altar of Hepliaklqana.
    66 | D        | Found a hide-covered altar of Uskayaw.
    66 | D        | Found a basalt altar of Yredelemnul.
    66 | D        | Found an opulent altar of Gozag.
    66 | D        | Found a snail-covered altar of Cheibriados.
    66 | D        | Found a sacrificial altar of Ru.
    66 | D        | Found a shadowy altar of Dithmenos.
    66 | D        | Noticed a yak
    67 | D        | Found a stormy altar of Qazlal.
    67 | D        | Found a blossoming altar of Fedhas.
    67 | D        | Found a bloodstained altar of Trog.
    67 | D        | Found an iron altar of Okawaru.
    67 | D        | Found a glowing golden altar of the Shining One.
    67 | D        | Found a glowing silver altar of Zin.
    67 | D        | Found a white marble altar of Elyvilon.
    68 | D        | Killed a yak
    69 | D        | Reached skill level 13 in Stealth
    69 | D        | Reached XP level 7. HP: 53/53 MP: 7/7
    69 | D        | Found a sparkling altar of Nemelex Xobeh.
    73 | D        | Bought a scroll of identify for 28 gold pieces
    75 | D        | Became a worshipper of Dithmenos the Shadowed
    84 | D        | Noticed Sonja
    88 | D        | Killed Sonja
    89 | D        | Reached skill level 16 in Stealth
    89 | D        | Reached XP level 8. HP: 61/61 MP: 8/8
   110 | D        | Found Hafedooc's Jewellery Boutique.
   143 | D        | Noticed a deep troll
   147 | D        | Killed a deep troll
   148 | D        | Reached skill level 17 in Stealth
   175 | D        | Bought an amulet of reflection for 420 gold pieces
   333 | D        | Found Com Faghysh's Armour Emporium.
   354 | D        | Noticed a centaur warrior
   354 | D        | Noticed a centaur warrior
   360 | D        | Killed a centaur warrior
   360 | D        | Reached * piety under Dithmenos
   361 | D        | Reached skill level 18 in Stealth
   361 | D        | Reached XP level 9. HP: 69/69 MP: 9/9
   363 | D        | Killed a centaur warrior
   364 | D        | Reached skill level 10 in Fighting
   364 | D        | Reached skill level 19 in Stealth
   373 | D        | Noticed a hornet
   376 | D        | Killed a hornet
   388 | D        | Noticed an oklob plant
   399 | D        | HP: 3/70 [oklob plant/splash of acid (21)]
   725 | D        | Found a viscous altar of Jiyva.
   725 | D        | Found a corrupted altar of Lugonu.
   726 | D        | Found a burning altar of Makhleb.
   726 | D        | Found a shimmering altar of Xom.
   728 | D        | Reached ** piety under Dithmenos
   729 | D        | Reached skill level 20 in Stealth
   765 | D        | Bought a ring of protection from cold for 350 gold pieces
   790 | D        | Noticed a kobold demonologist
   808 | D        | Noticed a kobold demonologist
   809 | D        | Killed a kobold demonologist
   810 | D        | Reached XP level 10. HP: 61/77 MP: 10/10
   830 | D        | Killed a kobold demonologist
   832 | D        | Noticed a demonic crawler
   832 | D        | Noticed a demonic crawler
  1096 | D        | Noticed a shining eye
  1096 | D        | Noticed a shining eye
  1096 | D        | Noticed a shining eye
  1122 | D        | Killed an oklob plant
  1122 | D        | Reached *** piety under Dithmenos
  1123 | D        | Reached skill level 15 in Short Blades
  1123 | D        | Reached skill level 21 in Stealth
  1168 | D        | Slain by an unseen horror

Illustrated notes

Levels and vault maps discovered:
D:        dungeon_sprint_1 [red_sonja_temple_1, red_sonja_temple_small_1]

Skill      XL: |  1  2  3  4  5  6  7  8  9 10 |
---------------+-------------------------------+-----
Fighting       | 3 4 5 6 8 9 10 11 | 11.0
Short Blades   | 4 6 8 9 11 13 14 15 | 15.1
Stealth        | 7 9 12 13 16 18 20 21 | 21.2
Throwing       | |  2.0
Dodging        | |  1.6

Action                   |  1- 3 |  4- 6 |  7- 9 | 10-12 || total
-------------------------+-------+-------+-------+-------++-------
Melee: Dagger            |     2 |     3 |    32 |    27 ||    64
       Tentacles         |       |       |     8 |    13 ||    21
       Constrict         |       |       |     3 |     1 ||     4
       Punch             |       |       |       |     1 ||     1
  Use: Scroll            |       |       |     2 |       ||     2
 Stab: Sleeping          |     2 |     3 |     7 |     2 ||    14
       Distracted        |       |       |       |     1 ||     1
Armor: Skin              |       |       |     1 |     2 ||     3
Dodge: Dodged            |       |       |     2 |     7 ||     9
Block: Other             |       |       |       |     3 ||     3
